Cogmind - Beta 15 @@@ ROGUE MODE // 2025.05.09 @ 15:26:00 Player: cd4337 Result: Destroyed by G-47 Trooper with Particle Gun Performance ------------- Evolutions (2) 1000 Regions Visited (3) 600 Robots Destroyed (15) 75 Value Destroyed (598) 598 Prototype IDs (3) 60 Alien Tech Used (0) 0 Bonus (0) 0 TOTAL SCORE: 2333 Bonus ------- None Cogmind --------- Core Integrity 0/550 Matter 300/300 Energy 100/100 System Corruption 0% Temperature Cool (9) Movement Core (100) Ox1 Location -8/Materials Parts ------- > --- POWER (2) -------- (None) > --- PROPULSION (3) --- (None) > --- UTILITY (3) ------ Small Storage Unit > --- WEAPON (3) ------- (None) > --- INVENTORY (8) ---- Aluminum Leg Improved Heat Sink Improved Heat Sink Targeting Computer Peak State ------------ > --- POWER ------------ Ion Engine > --- PROPULSION ------- Aluminum Leg Aluminum Leg Aluminum Leg > --- UTILITY ---------- Small Storage Unit Sensor Array > --- WEAPON ----------- Medium Laser Assault Rifle Assault Rifle > --- INVENTORY -------- Light Nuclear Core Improved Heat Sink Targeting Computer Improved EM Shotgun [Rating: 10] Favorites ----------- Power Ion Engine Engine Ion Engine Power Core Light Nuclear Core Propulsion Aluminum Leg Leg Aluminum Leg Utility Small Storage Unit Device Sensor Array Storage Small Storage Unit Weapon Assault Rifle Energy Gun Medium Laser Ballistic Gun Assault Rifle Slashing Weapon Katana Build | -11 -10 -10 -8 ------- Run | Yrd Mat Sub Mat Slots Evolved 4 | . . . 4 Power 1 | . . . 1 Propulsion 1 | . . . 1 Utility 1 | . . . 1 Weapon 1 | . . . 1 Parts Attached 18 | 6 1 . 11 Power 3 | 1 . . 2 Engine 1 | 1 . . . Core 2 | . . . 2 Reactor . | . . . . Propulsion 8 | 1 1 . 6 Treads . | . . . . Leg 8 | 1 1 . 6 Wheel . | . . . . Hover . | . . . . Flight . | . . . . Utility 2 | 1 . . 1 Device 1 | . . . 1 Storage 1 | 1 . . . Processor . | . . . . Hackware . | . . . . Protection . | . . . . Artifact . | . . . . Weapon 5 | 3 . . 2 Energy Gun 2 | 1 . . 1 Energy Cannon . | . . . . Ballistic Gun 2 | 2 . . . Ballistic Cannon . | . . . . Launcher . | . . . . Special Weapon . | . . . . Impact Weapon . | . . . . Slashing Weapon 1 | . . . 1 Piercing Weapon . | . . . . Special Melee Weapon . | . . . . Unidentified Prototypes 1 | . . . 1 Parts Lost 16 | . . . 16 Power 3 | . . . 3 Propulsion 7 | . . . 7 Utility 1 | . . . 1 Weapon 5 | . . . 5 Highest Loss Streak 8 | . . . 8 To Critical Strikes . | . . . . Average Backups 2 | 2 1 1 3 Power . | . . . . Propulsion . | 1 . . . Utility 1 | . . . 1 Weapon . | 1 1 1 . Tool/Special . | . . . . Unused Backups 3 | . . . 3 Power . | . . . . Propulsion . | . . . . Utility 3 | . . . 3 Weapon . | . . . . Tool/Special . | . . . . Average Slot Usage (%) 70 | . 85 85 59 Engine 9 | . 14 14 6 Leg 25 | . 28 28 22 Device 1 | . . . 2 Storage 11 | . 14 14 9 Energy Gun 9 | . 14 14 6 Ballistic Gun 11 | . 14 14 9 Peak Build Rating 10 | 5 6 6 10 Average Rating 6 | 3 6 6 7 On Entrance 4 | . 5 6 6 Naked Turns . | . . . . Heaviest Build 17 | 14 14 14 17 Greatest Support 30 | 10 20 20 30 Greatest Overweight (x) 1 | 1 . . 1 Average Overweight (x) . | . . . . Largest Inventory Capacity 8 | 8 8 8 8 Average Capacity 7 | 7 8 8 8 Most Carried 6 | 6 1 3 6 Average Carried 2 | 2 1 1 3 Final Capacity 8 | 8 8 8 8 Final Carried 4 | 2 1 3 4 Class Distribution -------------------- 77% | Mutant 10% | Skirmisher 7% | Gunner 4% | Scavenger-Mutant Dominant Class ---------------- Mutant | -10/Materials Mutant | -10/Subcaves Mutant | -8/Materials Resources | -11 -10 -10 -8 ----------- Run | Yrd Mat Sub Mat Matter Collected 508 | 263 . 22 223 Remotely . | . . . . Salvage Created 732 | 66 . 115 551 Parts 28 | 3 . 3 22 Haulers Intercepted . | . . . . Recyclers Shooed 2 | . . . 2 Parts Field Recycled . | . . . . Retrieved Matter . | . . . . Parts Self-Destructed 2 | . . 2 . Prevented . | . . . . Kills | -11 -10 -10 -8 ------- Run | Yrd Mat Sub Mat Combat Hostiles Destroyed 12 | . . 2 10 Melee 5 | . . . 5 Guns 7 | . . 2 5 Classes Destroyed 6 | 1 . 1 4 Recycler 2 | 1 . . 1 Watcher 1 | . . . 1 Grunt 8 | . . . 8 Duelist 1 | . . . 1 Hunter 1 | . . . 1 Subdweller 2 | . . 2 . Best Kill Streak 3 | 1 . 2 3 Combat Bots Only 3 | . . 2 3 Max Kills in Single Turn 1 | 1 . 1 1 Gunslinging . | . . . . Exploded . | . . . . Melee 1 | . . . 1 Uniques/NPCs Destroyed . | . . . . Combat | -11 -10 -10 -8 -------- Run | Yrd Mat Sub Mat Hostile Shots Fired 168 | . . 8 160 Missed 48 | . . 2 46 Hits 120 | . . 6 114 Melee 7 | . . . 7 Projectile 113 | . . 6 107 Critical Strikes 6 | . . . 6 Damage Taken 2073 | . . 124 1949 Core 634 | . . 79 555 Absorbed by Shields . | . . . . Core Remaining (%) 84 | 100 . 68 . Volleys Fired 32 | 1 . 4 27 Largest 3 | 2 . 2 3 Hottest 90 | 70 . 70 90 Shots Fired 80 | 2 . 8 70 Gun 80 | 2 . 8 70 Cannon . | . . . . Launcher . | . . . . Special . | . . . . Kinetic 53 | 1 . 4 48 Thermal 23 | 1 . 4 18 Explosive . | . . . . Electromagnetic 4 | . . . 4 Robot Hit Streak 12 | 2 . 8 12 Robot Miss Streak 3 | . . . 3 Penetration Max . | . . . . Secondary Targets 1 | . . . 1 Max Gunslinging Chain 1 | . . . 1 Shots Hit Robots 70 | 2 . 6 62 Core Hits 36 | 2 . 2 32 Critical Kills 1 | . . 1 . Critical Parts Destroyed . | . . . . Critical Strikes 3 | . . 1 2 Destroy 1 | . . 1 . Sever 2 | . . . 2 Melee Attacks 18 | . . . 18 Impact . | . . . . Slashing 18 | . . . 18 Piercing . | . . . . Sneak Attacks . | . . . . Combat Hostiles . | . . . . Follow-up Attacks . | . . . . Damage Inflicted 1225 | 27 . 75 1123 Guns 751 | 27 . 75 649 Cannons . | . . . . Explosions . | . . . . Melee 422 | . . . 422 Ramming 52 | . . . 52 Kinetic 482 | 14 . 49 419 Thermal 202 | 13 . 26 163 Explosive . | . . . . Electromagnetic 67 | . . . 67 Impact . | . . . . Slashing 422 | . . . 422 Piercing . | . . . . Highest Corruption . | . . . . Average Corruption . | . . . . Corruption Purged . | . . . . Corruption Blocked . | . . . . Overload Shots . | . . . . Overflow Damage . | . . . . Projectiles . | . . . . Explosions . | . . . . Melee . | . . . . Knockbacks . | . . . . Impact . | . . . . Kinetic . | . . . . Secondary . | . . . . Self-Inflicted Damage 10 | . . . 10 Shots . | . . . . Rammed 10 | . . . 10 Targets Rammed 25 | . . . 25 Kicked 15 | . . . 15 Crushed . | . . . . Highest Temperature 154 | 9 . . 154 Average Temperature 62 | 6 . . 63 Received Heat Transfer 990 | . . . 990 Siege Activations . | . . . . Martial Activations . | . . . . Shielding Activations . | . . . . Robots Disrupted . | . . . . Combat Hostiles . | . . . . Robots Corrupted . | . . . . Combat Hostiles . | . . . . Parts Fried . | . . . . Impact Corruptions . | . . . . Robots Melted . | . . . . Combat Hostiles . | . . . . Parts Melted 3 | . . 1 2 Heat Transferred 592 | 37 . 74 481 Parts Sabotaged . | . . . . Parts Stolen . | . . . . Parts Stripped . | . . . . Power Chain Reactions . | . . . . Alert | -11 -10 -10 -8 ------- Run | Yrd Mat Sub Mat Maximum Alert Level . | . . . . Low Security (%) 100 | 100 100 . 100 Level 1 . | . . . . Level 2 . | . . . . Level 3 . | . . . . Level 4 . | . . . . Level 5 . | . . . . High Security . | . . . . Max Security . | . . . . Peak Influence 53 | 5 . . 53 Initial . | . . . . Average 9 | . . . 11 Influence Increases 261 | 5 . . 256 Destroy 0b10 Robot/C 200 | . . . 200 Destroy 0b10 Robot/NC 15 | 5 . . 10 Destroy Leader 42 | . . . 42 Successful Hack 4 | . . . 4 Influence Decreases 247 | 5 . . 242 Time Decay 151 | 5 . . 146 Lost Part 96 | . . . 96 Squads Dispatched 1 | . . . 1 Investigation . | . . . . Extermination . | . . . . Reinforcement 1 | . . . 1 Assault . | . . . . Garrison . | . . . . Intercept . | . . . . Searches Triggered . | . . . . Construction Impeded . | . . . . Haulers Reinforced . | . . . . Active Scanning Responses . | . . . . Cargo Convoy Interrupts . | . . . . Stealth | -11 -10 -10 -8 --------- Run | Yrd Mat Sub Mat Distress Signals 1 | . . . 1 Communications Jammed . | . . . . Distress Signals . | . . . . Times Spotted 22 | . . 4 18 Peak Tracking Total 6 | . . 2 6 Tactical Retreats . | . . . . Traps | -11 -10 -10 -8 ------- Run | Yrd Mat Sub Mat Traps Triggered . | . . . . Indirectly . | . . . . Trap Hack Attempts . | . . . . Triggered . | . . . . Disarmed . | . . . . Reprogrammed 4 | . . . 4 Reused . | . . . . Traps Extracted . | . . . . Installed . | . . . . Triggered . | . . . . Machines | -11 -10 -10 -8 ---------- Run | Yrd Mat Sub Mat Machines Disabled . | . . . . Max in Single Turn . | . . . . Machines Repaired . | . . . . Machines Dismantled . | . . . . Machines Sabotaged . | . . . . Overloaded Fab Kills . | . . . . Hacking | -11 -10 -10 -8 --------- Run | Yrd Mat Sub Mat Machines Accessed 1 | . . . 1 Terminals 1 | . . . 1 Fabricators . | . . . . Repair Stations . | . . . . Recycling Units . | . . . . Scanalyzers . | . . . . Garrison Access . | . . . . Total Hacks 4 | . . . 4 Successful 3 | . . . 3 Failed 1 | . . . 1 Catastrophic . | . . . . Database Lockouts . | . . . . Manual . | . . . . Terminals 4 | . . . 4 Fabricators . | . . . . Repair Stations . | . . . . Recycling Units . | . . . . Scanalyzers . | . . . . Garrison Access . | . . . . Terminal Hacks 3 | . . . 3 Prototype ID Bank 1 | . . . 1 Locate Traps 1 | . . . 1 Reprogram Traps 1 | . . . 1 Fabricator Hacks . | . . . . Repair Station Hacks . | . . . . Recycling Unit Hacks . | . . . . Scanalyzer . | . . . . Garrison Access Hacks . | . . . . Unauthorized Hacks . | . . . . Terminals . | . . . . Fabricators . | . . . . Repair Stations . | . . . . Recycling Units . | . . . . Scanalyzers . | . . . . Garrison Access . | . . . . Data Cores Recovered . | . . . . Used . | . . . . Hacking Detections 1 | . . . 1 Full Trace Events . | . . . . Feedback Events . | . . . . Feedback Blocked . | . . . . Robot Schematics Acquired . | . . . . Robots Built . | . . . . Authchips . | . . . . Time . | . . . . Total Robot Build Rating . | . . . . Part Schematics Acquired . | . . . . Parts Built . | . . . . Authchips . | . . . . Time . | . . . . Total Part Build Rating . | . . . . Parts Repaired . | . . . . Time . | . . . . Parts Recycled . | . . . . Recycled Matter . | . . . . Retrieved Matter . | . . . . Retrieved Components . | . . . . Parts Scanalyzed . | . . . . Part Schematics Acquired . | . . . . Parts Damaged . | . . . . Bothacking | -11 -10 -10 -8 ------------ Run | Yrd Mat Sub Mat Used RIF Installer . | . . . . Robots Hacked . | . . . . Non-combat . | . . . . Combat . | . . . . Robot Hacks Applied . | . . . . Relay Couplers Released . | . . . . Fabnet Peak Effective % . | . . . . Robots Rewired . | . . . . Allies Hacked . | . . . . Hacks Repelled . | . . . . Allies | -11 -10 -10 -8 -------- Run | Yrd Mat Sub Mat Total Allies . | . . . . Largest Group . | . . . . Highest-Rated Group . | . . . . Highest-Rated Ally . | . . . . Total Orders . | . . . . Ally Attacks . | . . . . Total Damage . | . . . . Kills . | . . . . Allies Corrupted . | . . . . Allies Melted . | . . . . Intel | -11 -10 -10 -8 ------- Run | Yrd Mat Sub Mat Active Infowar (turns) 172 | . . . 172 Sensors 172 | . . . 172 Robot Analysis Total . | . . . . Derelict Logs Recovered . | . . . . Drone Launches . | . . . . Drone Recoveries . | . . . . Exploration | -11 -10 -10 -8 ------------- Run | Yrd Mat Sub Mat Turns Passed 1003 | 66 44 333 560 Spaces Moved 576 | 37 13 241 285 Core 29 | 18 . . 11 Treads . | . . . . Legs 547 | 19 13 241 274 Wheels . | . . . . Hover . | . . . . Flight . | . . . . Fastest Speed 50 | 50 120 120 100 Average Speed 119 | 123 120 120 119 Slowest Speed 190 | 190 120 120 190 Overloaded Moves . | . . . . Propulsion Burnouts . | . . . . Robots Hopped . | . . . . Potential Cave-ins . | . . . . Cave-ins Triggered . | . . . . Exploration Rate (%) 10 | 4 3 13 23 Regions Visited 3 Branch Regions 1 Pre-discovered Areas . | . . . . Known Exits Taken . | . . . . Unknown Exits Taken 3 | 1 1 1 . Scrap Searched . | . . . . Spaces Dug . | . . . . Terrain Destroyed . | . . . . Melee . | . . . . Projectile . | . . . . AOE . | . . . . Terrain Rammed . | . . . . Walls Destroyed . | . . . . Machines Disabled . | . . . . Actions | -11 -10 -10 -8 --------- Run | Yrd Mat Sub Mat Total 793 | 55 41 277 420 Wait 106 | 6 28 31 41 Move 573 | 36 12 240 285 Hop . | . . . . Pick Up 20 | 6 . 2 12 Fast Attach 1 | 1 . . . Attach 16 | 4 1 . 11 Detach . | . . . . Swap 2 | 1 . . 1 Drop . | . . . . Fire 32 | 1 . 4 27 Melee 18 | . . . 18 Ram 10 | . . . 10 Kick 15 | . . . 15 Crush . | . . . . Escape Stasis . | . . . . Rewire . | . . . . Trap . | . . . . Miscellaneous . | . . . . Route ------- -11/Scrapyard -10/Materials -10/Subcaves (discovered 2 exits: *Mat / [Scr]) -8/Materials History --------- Turn | Location | Event 9 | -11/Scrapyard | Discovered new exit (range 15) 67 | -11/Scrapyard | Entered Materials 68 | -10/Materials | Met a group of wandering Federalists 82 | -10/Materials | Discovered new exit (range 9) 111 | -10/Materials | Entered Subcaves 112 | -10/Subcaves | Continued accompanying wandering Federalists (6) 112 | -10/Subcaves | Approached by a straggling Scientist 219 | -10/Subcaves | Ambushed by Subdwellers from Twisted Machinery 316 | -10/Subcaves | Build established: Mutant 316 | -10/Subcaves | Discovered new exit (range 16) 342 | -10/Subcaves | A swath of the cavern ceiling suddenly collapsed 444 | -10/Subcaves | Entered Materials 444 | -8/Materials | Evolved 4 slots: Power x1, Propulsion x1, Utility x1, Weapon x1 886 | -8/Materials | Lost 8 parts (1p3n4w) 900 | -8/Materials | Core integrity fell below 50% 932 | -8/Materials | Lost 3 parts (1p1n1u) 990 | -8/Materials | Core integrity fell below 20% 1004 | -8/Materials | Destroyed by G-47 Trooper with Particle Gun Last Messages --------------- 00957_ Lgt. Nuclear Core destroyed. 00958_ Kicked G-50 Soldier out of the way. 00959_ Critical hit (Burn: +37). 00959_ Kicked G-50 Soldier out of the way. 00960_ Critical hit (Burn: +37). 00960_ Kicked G-50 Soldier. 00962_ Kicked G-50 Soldier out of the way. 00967_ Aluminum Leg destroyed. 00968_ Kicked G-50 Soldier out of the way. 00969_ Kicked G-50 Soldier. 00971_ Aluminum Leg destroyed. 00972_ Kicked G-50 Soldier. 00973_ Electrolysis Chamber disabled. 00974_ Kicked G-50 Soldier out of the way. 00974_ Aluminum Leg destroyed. 00975_ Slammed into G-50 Soldier. 00981_ G-50 Soldier destroyed. 00987_ Slammed into G-47 Trooper. 00989_ Critical hit (Burn: +37). 00996_ U-05 Engineer builds a Door. Map ----- +----------------------------------------------------+ | ??????????????????????????????# ### #??# ## | | ??????????????????????????????# #??# | | ??????????????????????????????# #??# | | ??????????????????????????????# = #??# | | ??????????????????????????????# %########??###### | | ??????????????????????????????# [*###########????? | | ??????????????????????????????# # #????? | | ??????????????????????????????# + | #????? | | ??????????????????????????????# # #????? | | ??????????????????????????????# # * #????? | | ??????????????????????????????# ###########????? | | ??????????????????????????????# ###########????? | | ??????????????????????????????# # #????? | | ??????????????????????????????# # #????? | | ??????????????????????????????# # #????? | | ??????????????????????????????# # """ """ #????? | | ??????????????????????????????# + """ """ #????? | | ??????????????????????????????# # """ """ #????? | | ??????????????#####+########### # #????? | | ????????????? *% # #????? | | ????????????? = ###########????? | | ????????????? % ##########?????? | | ????????????????########### % %% ??? | | ????????????????#%""" """!# ??? | | ????????????????#% "" "!#% ??? | | ????????????????#%" g %@+ ################???? | | ????????????????#%%%%%%%=%#= #??????????????????? | | ????????????????#%%%g% *# #??????????????????? | | ????????????????########### #??????????????????? | | ??????????????????????????# #??????????????????? | | ??????????????????????????# #??????????????????? | | ??????????????????????????# #??????????????????? | | ??????????????????????????# #??????????????????? | | ??????????????????????????# ??????????????????? | | ??????????????????????????# ??????????????????? | | ??????????????????????????# ?????????????????? | | ??????????????????????????######?????????????????? | | ?????????????????????????????????????????????????? | | ?????????????????????????????????????????????????? | | ?????????????????????????????????????????????????? | | ?????????????????????????????????????????????????? | | ?????????????????????????????????????????????????? | | ?????????????????????????????????????????????????? | | ?????????????????????????????????????????????????? | | ?????????????????????????????????????????????????? | | ?????????????????????????????????????????????????? | | ?????????????????????????????????????????????????? | | ?????????????????????????????????????????????????? | | ?????????????????????????????????????????????????? | | ?????????????????????????????????????????????????? | +----------------------------------------------------+ Best States ------------- Heat Dissipation 31 Energy Generation 14 Energy Capacity 250 Matter Stores 300 Matter Capacity 300 Sight Range 16 Robot Scan Range 14 Terrain Scan Density 10 Evasion (%) 55 Item Schematics ----------------- None Robot Schematics ------------------ None Fabricated ------------ Nothing Repaired ---------- Nothing Alien Tech Used ----------------- None Achievements -------------- None Challenges ------------ None Game ------ Seed ReflexPlasmaRailgun Manual? 0 Play Time 00:16:35 Cumulative 9.2 hours Start 2025.05.09 @ 15:11:09 End 2025.05.09 @ 15:26:00 Sessions 1 Manual Loads 0 Difficulty Rogue Special Mode None Game No. 25 Rogue 25 Adventurer 0 Explorer 0 Win Type - Total 0 Types 0/0/0/0/0/0/0/0/0/0 Lore% 8 Gallery% 10 Achievement% 12 Wizard Run 0 Options --------- Layout 1 ASCII 0 Keyboard 0 Movement Mouse Keybinds 0 Fullscreen 1 Font 32/SmallcapsGlow Map View 50x35 Zoom Use 0% Tactical HUD 1 Map Filters NONE Filters NONE Steam 1 RUN: 92d1c143-d986-41ce-94b0-9db69e28320c